 Dungeon Crawl Stone Soup version 0.20.1-1-g8b1a95d (webtiles) character file.

987 tidbits the Insei (level 7, 0/55 HPs)
             Began as a Demigod Transmuter on Aug 12, 2017.
             Killed from afar by an orc wizard (4 damage)
             ... with a magic dart
             ... on level 8 of the Dungeon.
             The game lasted 00:18:52 (2099 turns).

tidbits the Insei (Demigod Transmuter)              Turns: 2099, Time: 00:18:52

Health: 0/55       AC:  5    Str: 13    XL:     7   Next: 65%
Magic:  12/12      EV: 21    Int: 28    God:
Gold:   91         SH:  0    Dex: 21    Spells: 3/9 levels left

rFire    . . .     SeeInvis .   a - +2 dagger (venom)
rCold    . . .     Gourm    .   (no shield)
rNeg     . . .     Faith    .   B - +0 robe
rPois    .         Spirit   .   r - +0 helmet
rElec    .         Reflect  .   C - +0 cloak
rCorr    .         Harm     .   (no gloves)
MR       .....     Rnd*Tele +   F - +0 pair of boots
Stlth    +++.......             (no amulet)
Regen    0.2/turn               i - ring of teleportation (curse)
MPRegen  0.2/turn               V - +3 ring of evasion (curse)

@: brilliant, agile
A: clever 1, high mp 1
a: no special abilities


You were on level 8 of the Dungeon.
You were hungry.

You visited 1 branch of the dungeon, and saw 8 of its levels.

You collected 158 gold pieces.
You spent 67 gold pieces at shops.

Inventory:

Hand Weapons
 a - a +2 dagger of venom (weapon)
   (You took it off a kobold on level 3 of the Dungeon)
 o - a +0 hunting sling
Missiles
 b - 78 stones (quivered)
 e - 7 curare-tipped needles
 g - 3 poisoned needles
 h - 29 arrows
Armour
 f - a +0 large shield
 q - a +0 ring mail
 r - a +0 helmet (worn)
 B - a +0 robe (worn)
 C - a +0 cloak (worn)
 F - a +0 pair of boots (worn)
Jewellery
 i - a cursed ring of teleportation (left hand)
   (You found it on level 4 of the Dungeon)
 m - an uncursed ring of magical power {unknown}
   (You found it on level 6 of the Dungeon)
 V - a cursed +3 ring of evasion (right hand)
   (You found it on level 6 of the Dungeon)
Wands
 j - a wand of lightning (15/15)
Scrolls
 l - 2 scrolls of recharging
 n - 3 scrolls of immolation
Books
 c - a book of Changes

   Spells                             Type                      Level
   a - Beastly Appendage              Transmutation                1
   b - Sticks to Snakes               Transmutation                2
   c - Spider Form                    Transmutation/Poison         3
   d - Ice Form                       Ice/Transmutation            4
   e - Blade Hands                    Transmutation                5
Comestibles
 d - 3 bread rations
 u - 2 meat rations


   Skills:
 - Level 2.2 Fighting
 - Level 2.6 Dodging
 + Level 7.8 Unarmed Combat
 - Level 1.9 Spellcasting
 - Level 3.1 Transmutations


You had 3 spell levels left.
You knew the following spells:

 Your Spells              Type           Power        Failure   Level  Hunger
e - Beastly Appendage     Tmut           #####.       1%          1    None
k - Sticks to Snakes      Tmut           #####...     1%          2    ##.....
p - Spider Form           Tmut/Pois      ####......   1%          3    ###....


Dungeon Overview and Level Annotations

Branches:
Dungeon (8/15)             Temple (0/1) D:5
   Lair: D:8-11

Shops:
D:4 (   D:6 [

Annotations:
D:3 tidbits's ghost, weakling DgTm


Innate Abilities, Weirdness & Mutations

You have an increased reservoir of magic. (+10% MP)
Your mind is acute. (Int +2)


Message History

Okay, then.
Okay, then.
Unknown command.
It was a potion of agility.
You feel agile all of a sudden. The yak completely misses you.
The orc hits you but does no damage.
You hit the yak.
The yak is poisoned.
The yak is lightly wounded.
The yak gores you but does no damage. The orc hits you with a short sword.
* * * LOW HITPOINT WARNING * * *
The wight hits you with an enchanted great sword.
* * * LOW HITPOINT WARNING * * *
You hit the yak but do no damage.
The yak looks as sick as possible!
The yak is lightly wounded.
The orc wizard casts a spell.
The orc wizard blinks!
The yak gores you but does no damage. The orc hits you with a short sword.
* * * LOW HITPOINT WARNING * * *
The wight completely misses you.
The orc wizard casts a spell.
The orc wizard blinks!
You barely miss the yak.
The yak is lightly wounded.
The yak gores you but does no damage. The orc hits you but does no damage.
The wight hits you but does no damage.
You barely miss the yak.
The yak is moderately wounded.
The yak gores you.
* * * LOW HITPOINT WARNING * * *
The orc hits you but does no damage.
The orc wizard gestures wildly while chanting.
The orc wizard blinks!
You hit the yak.
The yak looks as sick as possible!
The yak is heavily wounded.
The yak gores you but does no damage. The orc hits you but does no damage.
The wight hits you but does no damage.
You hit the yak.
The yak looks as sick as possible!
The yak is severely wounded.
The yak gores you but does no damage. The orc hits you but does no damage.
The wight hits you but does no damage.
You barely miss the yak.
The yak is severely wounded.
Your transformation is almost over.
The yak gores you but does no damage. The orc hits you but does no damage.
The wight hits you with an enchanted great sword.
* * * LOW HITPOINT WARNING * * *
You feel better. The yak gores you!
* * * LOW HITPOINT WARNING * * *
The orc hits you but does no damage.
The orc wizard casts a spell.
The orc wizard blinks!
You hit the yak but do no damage.
The yak looks as sick as possible!
The yak is almost dead.
The wight barely misses you. The yak gores you but does no damage.
The orc hits you with a short sword.
* * * LOW HITPOINT WARNING * * *
You hit the yak but do no damage.
The yak looks as sick as possible!
The yak is almost dead.
The yak gores you.
* * * LOW HITPOINT WARNING * * *
The orc hits you but does no damage. The wight completely misses you.
You hit the yak but do no damage.
The yak looks as sick as possible!
Your punch misses the yak.
The yak is almost dead.
The yak gores you but does no damage. The orc hits you but does no damage.
The wight hits you but does no damage.
You hit the yak but do no damage.
The yak looks as sick as possible!
The yak is almost dead.
You kill the yak!
The orc hits you but does no damage. The wight barely misses you.
It was a potion of brilliance.
You feel clever all of a sudden. The orc hits you with a short sword.
* * * LOW HITPOINT WARNING * * *
You hit the wight.
The wight is lightly damaged.
The orc hits you but does no damage. The wight hits you but does no damage.
You closely miss the wight.
The wight is lightly damaged.
The orc hits you but does no damage. The wight hits you but does no damage.
You hit the wight but do no damage.
The wight is lightly damaged.
You feel less wooden.
Your +0 cloak unmelds from your body.
Your +0 helmet unmelds from your body.
Your +0 pair of boots unmelds from your body.
Your +0 robe unmelds from your body.
The orc closely misses you. The wight closely misses you.
The orc wizard gestures wildly while chanting.
The orc wizard seems to speed up.
You see here a yak corpse.
The wight completely misses you. The orc closely misses you.
You hit the orc.
The orc is poisoned.
You punch the orc.
The orc is almost dead.
You kill the orc!
The wight hits you with an enchanted great sword.
* * * LOW HITPOINT WARNING * * *
You see here a ring mail.
The orc wizard points at you and mumbles some strange words.
The magic dart hits you!
You die...

# ####.#.).#
#........#
#........###########
#........##.z.o....#
#........##[###o..##
..........@o#o..###
.........###z.###
....:...oZOz†##
.#.....##.####
........z.#
.....?...##
....<.... .........
.........


You could see 2 wights and an orc wizard.

Vanquished Creatures
  3 yaks (D:8)
  A phantom (D:4)
  A sky beast (D:6)
  A centaur (D:6)
  A big kobold (D:6)
  An orc priest (D:8)
  A hound (D:6)
  2 orc wizards (D:3)
  Natasha (D:3)
  A worker ant zombie (D:5)
  An adder (D:5)
  An ooze (D:2)
  2 adder skeletons (D:6)
  A dart slug (D:5)
  A leopard gecko (D:6)
  4 orcs
  5 bats
  A giant cockroach (D:4)
  3 goblins
  7 hobgoblins
  4 jackals
  4 frilled lizards
  4 kobolds
  6 rats
57 creatures vanquished.

Vanquished Creatures (collateral kills)
  2 worms (D:3)
  A ball python (D:1)
  2 rats
5 creatures vanquished.

Grand Total: 62 creatures vanquished

Notes
Turn   | Place    | Note
-------+----------+-------------------------------------------
     0 | D:1      | tidbits the Demigod Transmuter began the quest for the Orb.
     0 | D:1      | Reached XP level 1. HP: 15/15 MP: 5/5
   114 | D:1      | Reached skill level 3 in Unarmed Combat
   167 | D:1      | Reached XP level 2. HP: 19/22 MP: 7/7
   232 | D:2      | Learned a level 2 spell: Sticks to Snakes
   339 | D:2      | Reached skill level 1 in Fighting
   478 | D:3      | Noticed tidbits's ghost (weakling DgTm)
   526 | D:1      | Reached XP level 3. HP: 8/28 MP: 3/8
   555 | D:1      | Reached skill level 2 in Dodging
   805 | D:3      | Reached skill level 2 in Fighting
   958 | D:5      | Entered Level 5 of the Dungeon
   990 | D:6      | Found a white marble altar of Elyvilon.
   993 | D:6      | Found a bloodstained altar of Trog.
   996 | D:6      | Found a burning altar of Makhleb.
   999 | D:6      | Found an iron altar of Okawaru.
  1038 | D:5      | Found a staircase to the Ecumenical Temple.
  1059 | D:5      | Found a hazy altar of Hepliaklqana.
  1066 | D:5      | Reached XP level 4. HP: 14/36 MP: 6/9
  1146 | D:6      | Found Cigaos's Armour Shoppe.
  1149 | D:6      | Bought a +0 helmet for 67 gold pieces
  1159 | D:5      | Noticed an ogre
  1176 | D:4      | Learned a level 3 spell: Spider Form
  1194 | D:4      | Noticed a phantom
  1259 | D:3      | Gained mutation: You are clumsy. (Dex -2) [potion of mutation]
  1259 | D:3      | Lost mutation: You are clumsy. (Dex -2) [potion of mutation]
  1259 | D:3      | Gained mutation: Your mind is acute. (Int +2) [potion of mutation]
  1272 | D:3      | Reached skill level 2 in Transmutations
  1286 | D:3      | Noticed Natasha
  1292 | D:3      | Killed Natasha
  1450 | D:4      | Killed a phantom
  1450 | D:4      | Reached skill level 4 in Unarmed Combat
  1450 | D:4      | Reached skill level 3 in Transmutations
  1450 | D:4      | Reached XP level 5. HP: 26/41 MP: 5/10
  1466 | D:4      | Found Kabrul's Antique Weapon Emporium.
  1794 | D:6      | Noticed a sky beast
  1802 | D:6      | Killed a sky beast
  1802 | D:6      | Reached skill level 5 in Unarmed Combat
  1802 | D:6      | Reached XP level 6. HP: 47/48 MP: 7/11
  1908 | D:6      | Reached skill level 6 in Unarmed Combat
  1991 | D:7      | Found a blossoming altar of Fedhas.
  1991 | D:7      | Found a basalt altar of Yredelemnul.
  2034 | D:8      | Noticed a yak
  2034 | D:8      | Noticed a yak
  2036 | D:8      | Noticed a yak
  2050 | D:8      | Killed a yak
  2050 | D:8      | Reached XP level 7. HP: 41/55 MP: 12/12
  2071 | D:8      | Killed a yak
  2071 | D:8      | Reached skill level 7 in Unarmed Combat
  2081 | D:8      | HP: 8/82 [yak (9)]
  2085 | D:8      | Killed a yak
  2086 | D:8      | HP: 7/82 [orc/short sword (1)]
  2097 | D:8      | HP: 4/55 [wight/enchanted great sword (2)]
  2099 | D:8      | Killed from afar by an orc wizard

Skill      XL: |  1  2  3  4  5  6  7 |
---------------+----------------------+-----
Unarmed Combat | 3 4 5 6 7 |  7.8
Fighting       | 1 2 |  2.2
Dodging        | 2 |  2.6
Transmutations | 3 |  3.1
Spellcasting   | |  1.9

Action                   |  1- 3 |  4- 6 |  7- 9 || total
-------------------------+-------+-------+-------++-------
Melee: Unarmed           |    34 |    88 |       ||   122
       Headbutt          |     4 |       |       ||     4
       Dagger            |    42 |    34 |    34 ||   110
       Punch             |       |     1 |     4 ||     5
 Cast: Beastly Appendage |    10 |       |       ||    10
       Sticks to Snakes  |    10 |     2 |       ||    12
       Spider Form       |       |    12 |       ||    12
  Use: Scroll            |     2 |     6 |       ||     8
       Potion            |       |     2 |     6 ||     8
 Stab: Sleeping          |     5 |       |       ||     5
  Eat: Chunk             |     1 |     3 |       ||     4
       Royal jelly       |       |     1 |       ||     1
Armor: Robe              |    11 |    12 |       ||    23
       Skin              |       |    30 |    66 ||    96
Dodge: Dodged            |    32 |    94 |    18 ||   144

Table legend:
 A = Turns spent in this place as a percentage of turns spent in the entire game.
 B = Non-inter-level travel turns spent in this place as a percentage of non-inter-level travel turns spent in the entire game.
 C = Inter-level travel turns spent in this place as a percentage of turns spent in this place.
 D = Turns resting spent in this place as a percentage of non-inter-level travel turns spent in this place.
 E = Turns spent auto-exploring this place as a percentage of non-inter-level travel turns spent in this place.
 F = Non-inter-level travel turns spent in this place divided by the number of levels of this place that you've seen.
                   A       B       C       D       E      F
               +-------+-------+-------+-------+-------+----------------------
         Total | 100.0 | 100.0 |   0.0 |   0.0 |   0.0 | 243.0
       Dungeon | 100.0 | 100.0 |   0.0 |   0.0 |   0.0 | 243.0
               +-------+-------+-------+-------+-------+----------------------

Table legend:
 A = Kills in this place as a percentage of kills in entire the game.
 B = Kills by you in this place as a percentage of kills by you in the entire game.
 C = Kills by friends in this place as a percentage of kills by friends in the entire game.
 D = Other kills in this place as a percentage of other kills in the entire game.
 E = Experience gained in this place as a percentage of experience gained in the entire game.
 F = Experience gained in this place divided by the number of levels of this place that you have seen.
                   A       B       C       D       E      F
               +-------+-------+-------+-------+-------+----------------------
         Total | 100.0 | 100.0 | 100.0 |  -nan | 100.0 | 176.4
       Dungeon | 100.0 | 100.0 | 100.0 |  -nan | 100.0 | 176.4
               +-------+-------+-------+-------+-------+----------------------

Vault maps used:
D:1:      minmay_arrival_stair_chambers
D:2:      first_bread
D:3:      uniq_natasha, uniq_crazy_yiuf_cottage
D:4:      serial_shops, nicolae_shop_overgrown_old_shop
D:5:      lemuel_round_altar, minmay_temple_entry_statues_fountains,
          serial_shops, shop, serial_park_tiny_pond
D:6:      grunt_temple_overflow_cloverleaf, serial_shops, nicolae_shop_trees
D:7:      gammafunk_temple_overflow_wave
D:8:      slow_altar_2, basic_altar
